 Dungeon Crawl Stone Soup version 0.30-a0-879-ga8ba668304 (webtiles) character file.

Game seed: 1175396148090048152

9 IndexError the Digger (level 2, 15/15 HPs)
             Began as a Gargoyle Earth Elementalist on Mar 13, 2023.
             Was an Initiate of Kikubaaqudgha.
             Quit the game on level 1 of the Dungeon.
             The game lasted 00:02:55 (471 turns).

IndexError the Digger (Gargoyle Earth Elementalist)  Turns: 471, Time: 00:02:56

Health: 15/15      AC:  4    Str: 11    XL:     2   Next: 16%
Magic:  5/5        EV: 11    Int: 15    God:    Kikubaaqudgha [......]
Gold:   8          SH:  0    Dex: 10    Spells: 4/5 levels left

rFire   . . .      SeeInvis .    g - +0 short sword
rCold   . . .      Faith    .    (no shield)
rNeg    + . .      Spirit   .    a - +0 robe
rPois   ∞          Reflect  .    (no helmet)
rElec   +          Rampage  .    (no cloak)
rCorr   .                        (no gloves)
Will    .....                    (no boots)
Stlth   ++                       (no amulet)
HPRegen 0.22/turn                (no ring)
MPRegen 0.09/turn                (no ring)

@: studying Conjurations
A: sickness immunity, AC +2, negative energy resistance 1, electricity
resistance, torment resistance 1, petrification resistance
a: Renounce Religion


You were on level 1 of the Dungeon.
You worshipped Kikubaaqudgha.
Kikubaaqudgha was noncommittal.
You visited 1 branch of the dungeon, and saw 1 of its levels.

You collected 8 gold pieces.

Inventory:

Hand Weapons
 g - a +0 short sword (weapon)
   (You took it off a kobold on level 1 of the Dungeon)
Armour
 a - a +0 robe (worn)
Potions
 b - a potion of magic
 c - a potion of resistance {unknown}
 d - 2 potions of degeneration {unknown}
 e - 2 potions of might {unknown}
 f - a potion of heal wounds {unknown}
 h - a potion of ambrosia {unknown}


   Skills:
 - Level 1.5 Dodging
 - Level 2.1 Stealth
 + Level 2.3 Spellcasting
 - Level 0.7 Transmutations
 + Level 4.0 Earth Magic


You had 4 spell levels left.
You knew the following spells:

 Your Spells              Type           Power      Damage    Failure   Level
a - Sandblast             Erth           26%        2d8       4%          1

Your spell library contained the following spells:

 Spells                   Type           Power      Damage    Failure   Level
 Passwall                 Tmut/Erth      6%         N/A       12%         2
 Kiss of Death            Conj/Necr      4%         2d5       22%         1
 Necrotise                Necr           4%         1d4       22%         1
 Stone Arrow              Conj/Erth      14%        3d7       28%         3
 Vampiric Draining        Necr           1%         2d6       54%         3
 Petrify                  Tmut/Erth      8%         N/A       63%         4
 Animate Dead             Necr           1%         N/A       91%         4


Dungeon Overview and Level Annotations

Branches:
Dungeon (1/15)

Altars:
Kikubaaqudgha


Innate Abilities, Weirdness & Mutations

You are immune to sickness and miasma.
Your stone body is resilient. (AC +2)
You are immune to poison.
You resist negative energy. (rN+)
You are resistant to electric shocks. (rElec)
You are resistant to unholy torment.
You are immune to petrification.


Message History

You now have 2/3 mp.
Aiming: Sandblast (safe; 4% risk of failure)
Press: ? - help, Q - select action Shift-Dir - straight line, f - you That would be overly suicidal.
Okay, then.
f - a glowing inky potion MP restored: 3 As you open the door, it creaks loudly!
There is an open door here.
As you open the door, it creaks loudly!
A kobold comes into view. It is wielding a +0 short sword.
The kobold shouts!
There is an open door here.
Aiming: Sandblast (safe; 4% risk of failure)
Press: ? - help, Q - select action Shift-Dir - straight line, f - you That would be overly suicidal.
Okay, then.
Aiming: Sandblast (safe; 4% risk of failure)
Press: ? - help, Q - select action Shift-Dir - straight line, f - kobold
Aim: a kobold, wielding a +0 short sword (77% to hit)
The blast of sand hits the kobold.
You now have 2/3 mp.
Aiming: Sandblast (safe; 4% risk of failure)
Press: ? - help, Q - select action Shift-Dir - straight line, f - you That would be overly suicidal.
Okay, then.
g - a +0 short sword MP restored: 3 Unknown command.
g - a +0 short sword (weapon)
You drop a +0 club. x2
You open the door.
A ball python comes into view.
Aiming: Sandblast (safe; 4% risk of failure)
Press: ? - help, Q - select action Shift-Dir - straight line, f - you That would be overly suicidal.
Okay, then.
The ball python hisses angrily.
Aiming: Sandblast (safe; 4% risk of failure)
Press: ? - help, Q - select action Shift-Dir - straight line, f - ball python
Aim: a ball python (80% to hit)
The blast of sand misses the ball python.
You now have 2/3 mp.
Aiming: Sandblast (safe; 4% risk of failure)
Press: ? - help, Q - select action Shift-Dir - straight line, f/p - ball python
Aim: a ball python (80% to hit)
The blast of sand hits the ball python!
You have reached level 2!
Health restored: 15 You now have 1/5 mp.
There is an open door here.
c - a smoky inky potion MP restored: 5 You now have 5 gold pieces.
Found a stone staircase leading down.
There is a stone staircase leading down here.
d - a white potion You now have 8 gold pieces (gained 3).
You pick up a manual of Conjurations {!d} and begin studying.
A dart slug comes into view.
Found a faded altar of an unknown god.
A dart slug is nearby!
Aiming: Sandblast (safe; 4% risk of failure)
Press: ? - help, Q - select action Shift-Dir - straight line, f - dart slug
Aim: a dart slug (asleep, 100% to hit)
The blast of sand hits the dart slug!
Your Earth Magic skill increases to level 4!
You now have 4/5 mp.
h - a viscous grey potion MP restored: 5
d - 2 white potions (gained 1)
Found a stone staircase leading down.
There is a faded altar of an unknown god here.
This altar belongs to (a) Ru, (b) Kikubaaqudgha or (c) Zin, but you can't tell which.
Press the corresponding letter to learn more about a god, or press enter to convert or escape to cancel.
Kikubaaqudgha accepts your prayer! Kikubaaqudgha welcomes you!
You can now bring forth the wretched and dying.
Kikubaaqudgha grants you a gift!
You add the spells Kiss of Death, Necrotise, Vampiric Draining and Animate Dead to your library.
Unknown command.
Press < or > to pray at altars.
Unknown command.
Press < or > to pray at altars.
Unknown command.
Okay, then.
Okay, then.
Unknown command.
Unknown command.
Kikubaaqudgha calls piteous wretches from the earth!
You can no longer bring forth the wretched and dying.
A jackal and an endoplasm come into view.
You now have 2/5 mp.
The helpless jackal fails to defend itself.
You hit the jackal.
That felt strangely unrewarding.
A nearby endoplasm perishes wretchedly.
You're too inexperienced to learn that spell!
There is an ancient bone altar of Kikubaaqudgha here.
A hobgoblin comes into view.
MP restored: 5 Are you sure you want to abandon this character and quit the game? (Confirm with "yes".)

#.#..8...#.##
##.......#.#
#.#...†.#.#
#.#######+#
#####.###
#.......#
#.#.#>#.#
#.....#.#
#.......@+
#.....##.#
....... ...
.#..........
#..........#
. .......#
........#
.....!g..#


You could see a hobgoblin (asleep).

Vanquished Creatures
  A dart slug (D:1)
  A ball python (D:1)
  A bat (D:1)
  A goblin (D:1)
  A jackal (D:1)
  A quokka (D:1)
  A kobold (D:1)
  A rat (D:1)
8 creatures vanquished.

Vanquished Creatures (others)
  An endoplasm (D:1)
1 creature vanquished.

Grand Total: 9 creatures vanquished

Notes
Turn   | Place    | Note
-------+----------+-------------------------------------------
     0 | D:1      | IndexError the Gargoyle Earth Elementalist began the quest
                  | for the Orb.
     0 | D:1      | Reached XP level 1. HP: 10/10 MP: 3/3
   264 | D:1      | Reached XP level 2. HP: 15/15 MP: 1/5
   393 | D:1      | Found a faded altar of an unknown god.
   396 | D:1      | Reached skill level 4 in Earth Magic
   420 | D:1      | Prayed at the altar of an unknown god.
   420 | D:1      | Became a worshipper of Kikubaaqudgha
   420 | D:1      | Reached * piety under Kikubaaqudgha
   420 | D:1      | Received a gift from Kikubaaqudgha
   471 | D:1      | Quit the game

Illustrated notes

Levels and vault maps discovered:
D:1:      minmay_arrival_hallway, layout_loops_corners,
          chequers_ecumenical_altar_simple

Skill      XL: |  1  2 |
---------------+-------+-----
Earth Magic    | 4 |  4.0
Dodging        | |  1.5
Stealth        | |  2.1
Spellcasting   | |  2.3
Transmutations | |  0.7

Action                     || total
---------------------------++-------
  Melee: Short sword       ||     1
   Cast: Sandblast         ||     9
 Invoke: Unearth Wretches  ||     1
   Stab: Paralysed         ||     1

Table legend: (Time is in decaauts)
 A = Elapsed time spent in this place.
 B = Non-inter-level travel time spent in this place.
 C = Inter-level travel time spent in this place.
 D = Time resting spent in this place.
 E = Time spent auto-exploring this place.
 F = Levels seen in this place.
 G = Mean time per level.
                   A        B        C        D        E       F      G
               +--------+--------+--------+--------+--------+-----+--------+
         Total |    475 |    475 |      0 |      0 |    421 |   1 |  475.0 |
       Dungeon |    475 |    475 |      0 |      0 |    421 |   1 |  475.0 |
               +--------+--------+--------+--------+--------+-----+--------+

Top non-repeatable levels by time:
     D:1: 475 daAuts

Table legend:
 A = Kills in this place as a percentage of kills in the entire game.
 B = Kills by you in this place as a percentage of kills by you in the entire game.
 C = Kills by friends in this place as a percentage of kills by friends in the entire game.
 D = Other kills in this place as a percentage of other kills in the entire game.
 E = Experience gained in this place as a percentage of experience gained in the entire game.
 F = Experience gained in this place divided by the number of levels of this place that you have seen.
                   A       B       C       D       E      F
               +-------+-------+-------+-------+-------+----------------------
         Total | 100.0 | 100.0 |   N/A |   N/A | 100.0 |  14.0
       Dungeon | 100.0 | 100.0 |   N/A |   N/A | 100.0 |  14.0
               +-------+-------+-------+-------+-------+----------------------
